cohdb
Replays
Latest Replays
All Replays
Popular Replays
Top Player Replays
Match Explorer
How It Works
Community
CoH3 Stats
Reddit
Sign in to upload your games and track your stats! →
Sign in with Steam
Match 45344644
Unlisted
Match 45344644
Overview
Messages
Build Orders
End
Kettenkrad Recon Vehicle
Construct Infanterie Kompanie
Selects Terror Battlegroup
Selects Machine Gun Camouflage
Grenadier Squad
Grenadier Squad
Grenadier Squad
Construct Panzergrenadier Kompanie
Panzergrenadier Squad
Pak 40 Anti-tank Gun Team
Medical Station
Construct Panzer Kompanie
Selects No Quarter
Stoßtruppen Squad
Panzer IV Medium Tank
Panzer IV Medium Tank
Stoßtruppen Squad
Selects King Tiger Heavy Tank
Panzer IV Medium Tank
Selects Contempt for the Weak
[COHBR/RJ]Roney
rocketpossum
0
0
Comments
sign in to comment!
No comments posted yet!